Map: 匹昂台地

Players

DoMiNo - Winner!

  • Race: Terran Terran
  • League: Diamond

Quail

  • Race: Protoss Protoss
  • League: Diamond

VOD

Have the link to the VOD?

Description

Time

  • Played on: Dec. 5, 2015, 7:32 a.m.
  • Length: 21:07
Show
View Real Time Build Order
Export as new Build Order

DoMiNo Terran - Winner!

Build Orders: Reaper Expand, MMM Bio 

Get SALT Encoding   

  12  0:00  SCV  
  13  0:13  SCV  
  14  0:18  Supply Depot  
  14  0:25  SCV  
  15  0:40  SCV  
  15  0:41  Barracks  
  16  0:45  Refinery  
  16  0:52  SCV  
  18  1:04  SCV  
  18  1:16  SCV  
  19  1:29  Orbital Command  
  19  1:30  Reaper  
  20  1:43  Command Center  
  20  1:55  SCV  
  21  2:02  Supply Depot  
  21  2:03  Barracks Reactor  
  21  2:09  SCV  
  22  2:17  Refinery  
  22  2:21  SCV  
  23  2:30  Bunker  
  23  2:33  SCV  
  24  2:42  Marine x2  
  26  2:45  SCV  
  26  2:49  Factory  
  27  2:55  Orbital Command  
  27  2:57  SCV, Supply Depot  
  28  3:01  Marine x2  
  30  3:09  SCV  
  31  3:22  Marine  
  31  3:24  Supply Depot, SCV  
  31  3:25  Marine  
  33  3:40  SCV  
  33  3:41  SCV  
  35  3:44  Factory Tech Lab  
  35  3:51  Marine x2  
  35  3:53  SCV x2  
  39  3:57  Starport  
  39  4:04  Cyclone  
  39  4:05  SCV  
  39  4:06  SCV  
  44  4:20  SCV, Liberator  
  44  4:21  SCV, Marine  
  44  4:23  Command Center  
  47  4:26  Refinery  
  47  4:33  SCV x2  
  47  4:36  Siege Tank  
  55  4:45  SCV x2  
  57  4:48  Engineering Bay  
  57  4:57  SCV x2  
  59  5:02  Barracks  
  59  5:03  Barracks  
  59  5:09  SCV x2  
  59  5:14  Marine  
  62  5:24  Supply Depot  
  62  5:25  SCV x2, Marine  
  62  5:27  Supply Depot  
  65  5:35  Marine  
  66  5:43  SCV x2  
  66  5:44  Orbital Command  
  66  5:45  Marine  
  66  5:47  Terran Infantry Weapons Level 1  
  66  5:48  Starport Reactor  
  69  5:54  Barracks Tech Lab, Barracks  
  69  5:56  Barracks  
  63  6:14  SCV x3  
  63  6:17  Marauder x2  
  70  6:18  Combat Shields  
  70  6:19  Stimpack  
  70  6:24  Supply Depot x2  
  70  6:26  SCV  
  70  6:27  Command Center  
  70  6:32  Orbital Command  
  71  6:37  Marine, Liberator  
  71  6:38  Marine  
  71  6:39  SCV x2, Liberator, Marauder  
  79  6:47  Marauder, Marine  
  79  6:51  SCV  
  81  6:55  Marine  
  81  6:58  SCV  
  81  7:00  Marauder  
  91  7:07  Factory Tech Lab  
  94  7:08  SCV x2, Marauder  
  95  7:29  Marauder  
  94  7:30  Barracks Reactor, Barracks Tech Lab  
  94  7:31  SCV x3  
  97  7:41  Siege Tank  
  97  7:42  Medivac x2  
  97  7:43  SCV x3  
  109  7:44  Marauder, Marine x2  
  109  7:51  Marauder  
  111  7:55  SCV x2  
  101  7:59  Marine  
  101  8:02  Marine x2  
  101  8:05  Marauder  
  101  8:12  Marauder  
  98  8:17  SCV x3, Marine  
  98  8:18  SCV  
  97  8:20  Marine x3  
  97  8:24  Refinery  
  102  8:27  Marauder  
  102  8:33  Marauder  
  97  8:35  Marauder  
  97  8:37  Marine x2  
  97  8:38  SCV x3  
  97  8:40  Planetary Fortress  
  103  8:48  Refinery, Marauder  
  103  8:49  Marine x2  
  103  8:50  Refinery  
  103  8:55  Marauder, Marine  
  103  8:56  Marauder  
  103  9:02  SCV  
  103  9:09  Siege Tank  
  97  9:14  SCV  
  97  9:16  SCV x2  
  93  9:26  SCV  
  93  9:28  SCV  
  93  9:30  SCV  
  93  9:31  SCV  
  97  9:38  SCV, Refinery  
  97  9:40  Refinery, Marine x4  
  97  9:41  Marauder x3  
  97  9:44  SCV x3  
  111  9:50  SCV, Siege Tank  
  115  9:55  Terran Infantry Armor Level 1  
  115  9:56  SCV x2  
  115  9:57  SCV  
  115  9:58  Engineering Bay, Marine  
  119  10:01  Armory  
  119  10:02  Marine x3, Marauder  
  119  10:03  SCV, Marauder x2  
  129  10:08  SCV x2  
  131  10:16  Marine  
  132  10:25  Supply Depot  
  132  10:26  Supply Depot  
  132  10:28  Supply Depot  
  132  10:29  Supply Depot x2  
  132  10:30  Liberator x2  
  132  10:47  Marauder x2, Marine x4  
  132  10:48  Marauder  
  152  10:50  SCV x4  
  152  10:54  Command Center  
  152  10:55  Terran Infantry Weapons Level 2  
  152  11:02  SCV  
  150  11:04  Marine  
  150  11:05  Marine x3  
  150  11:09  Marauder x3  
  160  11:13  SCV  
  160  11:14  SCV x3  
  164  11:22  Marine  
  164  11:23  Marine  
  166  11:25  SCV  
  166  11:30  Marauder, Medivac  
  171  11:50  Marine  
  172  11:55  Supply Depot  
  172  11:59  Marauder x2, Marine x3  
  179  12:05  Medivac  
  179  12:06  Missile Turret, Marauder  
  183  12:12  Medivac  
  185  12:16  Terran Ship Weapons Level 1  
  185  12:22  Starport  
  185  12:25  Barracks  
  185  12:26  Barracks  
  185  12:28  Planetary Fortress, Barracks x2  
  185  12:30  Barracks  
  185  12:35  Medivac, Liberator  
  183  12:45  Marauder, Marine x3  
  183  12:48  Liberator  
  191  13:05  Starport Reactor  
  187  13:23  SCV x3  
  187  13:24  SCV x2  
  192  13:30  Refinery x2  
  192  13:31  Missile Turret  
  192  13:32  Marine  
  192  13:33  Marauder x2, Marine x2  
  192  13:34  Barracks Reactor x3, Barracks Tech Lab x2, Missile Turret  
  199  14:00  Concussive Shells  
  199  14:14  Command Center  
  199  14:27  Command Center  
  176  15:25  Marine x5  
  176  15:26  Marauder x4  
  146  15:34  Viking x4  
  128  16:00  Marine x2  
  128  16:01  Marauder x5, Marine x8  
  146  16:04  Viking x4  
  150  16:18  Marine x2  
  150  16:19  Marine x3  
  150  16:22  Marauder  
  150  16:23  Marauder x4  
  155  16:34  Viking x2  
  155  16:35  Marine  
  155  16:36  Marine x2  
  155  16:37  Viking x2  
  129  16:44  Marauder x3  
  110  16:50  Marine x4  
  103  16:59  Marine x4  
  103  17:00  Marine  
  105  17:04  Viking x2  
  105  17:05  Marauder x3  
  105  17:07  Viking x2  
  113  17:19  Marine x4  
  113  17:20  Marine x3  
  112  17:27  Marauder x3  
  118  17:34  Planetary Fortress, Viking x2  
  121  17:37  Viking x2  
  117  17:46  Marine x3  
  117  17:48  Marauder x3  
  126  18:04  Viking x2  
  130  18:07  Viking x2  
  130  18:09  Marauder  
  130  18:10  Marauder x2  
  134  18:34  Viking x2  
  126  18:45  Viking x2  
  122  19:04  Viking x2  
  122  19:06  Planetary Fortress  
  122  19:07  SCV  
  122  19:08  SCV  
  128  19:15  Viking  
  124  19:20  SCV x2  
  112  19:32  SCV x2  
  114  19:44  SCV x2  
  116  19:50  Command Center  
  116  19:52  Marauder x2, Marine x4  
  126  19:53  Marauder  
  126  19:56  SCV x2  
  126  19:57  Supply Depot  
  126  19:58  Supply Depot  
  128  20:00  Supply Depot  
  128  20:07  Command Center  
  128  20:09  Marine  
  128  20:14  Marauder x2  
  130  20:30  Marine x4  
  130  20:31  Marauder  
  130  20:35  Marauder, Marine  
  139  20:47  Marine  
  140  20:53  Refinery x2  
Show
View Real Time Build Order
Export as new Build Order

Quail Protoss 

Build Orders: 1 Gate Expand 

Get SALT Encoding   

  12  0:01  Probe (Chrono Boost)  
  13  0:11  Probe (Chrono Boost)  
  14  0:17  Pylon  
  14  0:22  Probe (Chrono Boost)  
  16  0:35  Probe (Chrono Boost)  
  16  0:36  Gateway  
  16  0:45  Assimilator  
  16  0:46  Probe (Chrono Boost)  
  17  0:57  Probe (Chrono Boost)  
  18  1:07  Probe (Chrono Boost)  
  19  1:18  Probe (Chrono Boost)  
  20  1:23  Cybernetics Core  
  20  1:29  Probe (Chrono Boost)  
  21  1:36  Nexus  
  21  1:43  Pylon  
  21  1:46  Probe (Chrono Boost)  
  22  1:55  Assimilator  
  22  1:56  Probe (Chrono Boost)  
  23  2:01  Adept  
  25  2:13  Mothership Core (Chrono Boost)  
  26  2:31  Probe (Chrono Boost), Robotics Facility  
  27  2:41  Probe (Chrono Boost)  
  27  2:42  Adept  
  30  2:48  Probe (Chrono Boost)  
  31  2:52  Probe (Chrono Boost)  
  31  2:57  Warp Gate  
  32  2:59  Probe (Chrono Boost), Pylon  
  32  3:02  Probe (Chrono Boost)  
  34  3:09  Probe (Chrono Boost)  
  35  3:14  Probe (Chrono Boost)  
  37  3:20  Probe (Chrono Boost)  
  37  3:33  Probe x2 (Chrono Boost)  
  39  3:41  Observer (Chrono Boost)  
  38  3:42  Probe, Adept  
  38  3:44  Probe  
  38  3:48  Gateway  
  42  3:50  Gateway  
  42  3:53  Probe  
  42  3:55  Pylon  
  43  3:56  Probe  
  43  4:00  Observer (Chrono Boost)  
  43  4:01  Gateway  
  45  4:03  Probe  
  45  4:08  Probe  
  45  4:09  Pylon  
  47  4:10  Assimilator  
  47  4:15  Assimilator  
  47  4:16  Stalker  
  49  4:18  Observer (Chrono Boost)  
  49  4:22  Robotics Bay  
  50  4:31  Probe  
  50  4:32  Probe  
  50  4:36  Pylon  
  50  4:37  Stalker  
  54  4:40  Adept  
  54  4:41  Probe  
  57  4:47  Warp Prism (Chrono Boost)  
  59  5:01  Forge  
  59  5:06  Stalker x2  
  63  5:09  Pylon  
  63  5:12  Gravitic Drive  
  63  5:17  Pylon  
  63  5:18  Disruptor (Chrono Boost)  
  66  5:27  Adept x2  
  70  5:32  Pylon  
  70  5:38  Protoss Ground Weapons Level 1  
  70  5:40  Twilight Council, Probe  
  70  5:41  Probe  
  72  5:49  Stalker  
  74  5:52  Disruptor (Chrono Boost)  
  71  6:26  Stalker x4  
  79  6:45  Pylon  
  79  6:49  Photon Cannon  
  79  6:53  Photon Cannon  
  79  6:54  Disruptor (Chrono Boost)  
  79  6:58  Stalker x3  
  88  7:02  Blink  
  88  7:04  Probe  
  88  7:06  Probe  
  90  7:21  Adept x3  
  90  7:22  Adept  
  92  7:30  Probe  
  92  7:32  Probe  
  94  7:37  Protoss Ground Weapons Level 2  
  94  7:44  Probe  
  89  8:03  Adept x4  
  95  8:09  Warp Prism (Chrono Boost)  
  60  8:49  Adept x4  
  64  8:57  Nexus  
  64  8:59  Disruptor (Chrono Boost), Pylon  
  64  9:01  Pylon  
  67  9:04  Pylon  
  63  9:20  Stalker x3  
  63  9:21  Stalker  
  65  9:25  Stargate  
  65  9:26  Stargate  
  65  9:32  Photon Cannon  
  65  9:34  Photon Cannon  
  63  9:45  Adept  
  63  9:46  Adept x3  
  63  9:50  Disruptor (Chrono Boost)  
  74  10:14  Fleet Beacon  
  74  10:21  Disruptor (Chrono Boost)  
  77  10:22  Adept  
  77  10:23  Adept x2  
  77  10:25  Probe x2  
  77  10:27  Probe  
  86  10:33  Adept  
  88  10:36  Probe x2  
  88  10:39  Probe  
  87  10:44  Adept x3  
  93  10:56  Resonating Glaives (Chrono Boost)  
  93  10:59  Disruptor  
  96  11:08  Adept  
  96  11:09  Probe, Adept x3  
  96  11:10  Probe  
  106  11:12  Assimilator  
  106  11:16  Assimilator  
  106  11:35  Adept x4  
  106  11:37  Warp Prism  
  106  11:39  Tempest  
  118  11:47  Tempest  
  122  12:00  Adept, Stargate  
  122  12:01  Adept x2  
  126  12:15  Immortal  
  130  12:25  Adept x4  
  130  12:28  Tempest  
  141  12:45  Adept x2  
  141  12:46  Adept x2  
  145  12:52  Tempest  
  149  13:05  Pylon  
  149  13:08  Pylon  
  149  13:23  Templar Archives, Disruptor  
  149  13:25  Pylon  
  152  13:28  Pylon  
  152  13:30  Pylon  
  142  13:36  Carrier (Chrono Boost)  
  142  13:38  Carrier (Chrono Boost)  
  154  13:55  Oracle (Chrono Boost)  
  157  13:56  Nexus  
  157  14:01  Psionic Storm  
  157  14:05  High Templar  
  159  14:10  High Templar  
  159  14:14  Adept x2  
  165  14:26  Warp Prism  
  173  14:53  Adept  
  175  15:00  Pylon  
  175  15:02  Pylon  
  175  15:03  Carrier (Chrono Boost)  
  142  15:38  Adept x3  
  147  15:47  Pylon  
  147  15:49  Pylon  
  140  16:12  Stalker  
  118  16:51  Void Ray (Chrono Boost)  
  116  16:55  Void Ray (Chrono Boost)  
  116  16:58  Void Ray (Chrono Boost)  
  113  17:21  Nexus  
  107  17:23  Pylon  
  107  17:24  Pylon  
  107  17:27  Pylon  
  97  17:42  Adept x2  
  101  17:50  Gateway  
  101  17:58  Gateway  
  101  18:16  Gateway  
  87  18:42  Stalker x2  
  85  18:50  Probe  
  65  19:26  High Templar x3  
  47  19:36  Gateway  
  47  19:40  Gateway  
  47  19:41  Adept x2  
  55  19:58  Void Ray (Chrono Boost)  
  55  19:59  High Templar  
  59  20:12  Adept x3  
  65  20:36  Adept x3  
  71  20:47  Pylon  
Tags
 
Add a new tag
Caveats
  • Supply blocks, unpowered buildings, or Contaminate may cause inaccurate times.
  • Supply counts are checked every 10 seconds.